 Dungeon Crawl Stone Soup version 0.28.0-49-g6dfe1f597d (webtiles) character file.

Game seed: 11893204627956181975

24 Keeper01 the Poker (level 3, -5/29 HPs)
             Began as a Merfolk Chaos Knight on May 11, 2022.
             Was a Plaything of Xom.
             Slain by a black bear (6 damage)
             ... on level 4 of the Dungeon.
             The game lasted 00:06:58 (835 turns).

Keeper01 the Poker (Merfolk Chaos Knight)            Turns: 835, Time: 00:06:59

Health: -5/29      AC:  5    Str: 14    XL:     3   Next: 2%
Magic:  3/3        EV: 12    Int: 11    God:    Xom [..*...]
Gold:   47         SH:  5    Dex: 13    Spells: 2/2 levels left

rFire   . . .      SeeInvis .   a - +1 spear (chaos)
rCold   . . .      Faith    .   (no shield)
rNeg    . . .      Spirit   .   b - +2 leather armour
rPois   .          Reflect  +   (no helmet)
rElec   .          Harm     .   (no cloak)
rCorr   .          Rampage  .   (no gloves)
Will    .....                   (no boots)
Stlth   +.........              i - amulet of reflection
HPRegen 0.09/turn               (no ring)
MPRegen 0.08/turn               (no ring)

@: no status effects
A: (nimble swimmer 2), mertail
a: Renounce Religion


You were on level 4 of the Dungeon.
You worshipped Xom.
You were a toy of Xom.
You visited 1 branch of the dungeon, and saw 4 of its levels.

You collected 47 gold pieces.

Inventory:

Hand Weapons
 a - a +1 spear of chaos (weapon)
 c - a +0 hunting sling
Missiles
 e - 23 stones (quivered)
Armour
 b - a +2 leather armour (worn)
Jewellery
 i - an amulet of reflection (around neck)
Scrolls
 j - a scroll of acquirement {unknown}
Potions
 g - a potion of degeneration {unknown}
 h - 4 potions of heal wounds {unknown}


   Skills:
 + Level 3.6 Fighting
 + Level 5.0 Polearms
 + Level 1.1 Armour
 + Level 3.0 Dodging


You had 2 spell levels left.
You didn't know any spells.
Your spell library was empty.

Dungeon Overview and Level Annotations

Branches:
Dungeon (4/15)
 Temple: D:4-7

Altars:


Innate Abilities, Weirdness & Mutations

((You are very nimble when in or above water. (Stealth+, EV+, Speed+++)))
Your lower body shifts to a powerful aquatic tail in water.


Message History

A black bear comes into view.
The black bear growls angrily.
As you read the scroll labelled ZOINKI VEINUEGH, it crumbles to dust.
You hear a loud clanging noise!
It was a scroll of noise.
You block the black bear's attack.
The black bear claws you but does no damage.
The black bear barely misses you.
You barely miss the black bear. You closely miss the black bear.
The black bear closely misses you. You block the black bear's attack.
The black bear claws you but does no damage.
You hit the black bear.
The black bear is lightly wounded.
You block the black bear's attack. The black bear misses you.
The black bear claws you.
You hit the black bear.
The black bear seems to grow stronger.
The black bear is moderately wounded.
The black bear bites you!
The black bear claws you but does no damage. x2
You hit the black bear.
The black bear seems to slow down.
You punch the black bear.
The black bear is moderately wounded.
The black bear bites you. The black bear barely misses you.
The black bear claws you but does no damage.
You closely miss the black bear.
The black bear is moderately wounded.
You hit the black bear. You freeze the black bear. You punch the black bear.
The black bear is severely wounded.
The black bear shakes off its lethargy.
The black bear goes berserk!
You hit the black bear.
The black bear flickers and vanishes!
Deactivating autopickup; reactivate with Ctrl-A.
Something bites you. You block something's attack. Something claws you.
You feel better. Something bites you. Something claws you.
* * * LOW HITPOINT WARNING * * *
Something claws you.
* * * LOW HITPOINT WARNING * * *
Something bites you.
* * * LOW HITPOINT WARNING * * *
Something claws you.
You die...

##.........#####..
..## ##.........#.....
....####...8...8...8.#
#......#.....#...#...#
#.......##.###.## ..
#......##...#...#....
.....# #.8...8...8...
#..###...#...#....#
##.@#...###.###...#
#.......#...# ..##
#..##.8...8... .#
#..##...#...#.. #
##.#####...#..## #..
.#...## ... .# .## ...
.# #. ####


There were no monsters in sight!

Vanquished Creatures
  A dart slug (D:3)
  2 orcs (D:3)
  A ball python (D:4)
  2 endoplasms
  A goblin (D:1)
  3 hobgoblins
  2 kobolds
  3 frilled lizards
  5 rats
20 creatures vanquished.

Vanquished Creatures (others)
  2 withered plants (D:1)
2 creatures vanquished.

Grand Total: 22 creatures vanquished

Notes
Turn   | Place    | Note
-------+----------+-------------------------------------------
     0 | D:1      | Keeper01 the Merfolk Chaos Knight began the quest for the
                  | Orb.
     0 | D:1      | Reached XP level 1. HP: 18/18 MP: 1/1
    19 | D:1      | XOM: divination: detect creatures
    54 | D:1      | Found a faded altar of an unknown god.
    75 | D:1      | XOM: potion effect (curing)
    77 | D:1      | XOM: divination: detect items
    80 | D:1      | Reached skill level 1 in Armour
   184 | D:1      | Reached XP level 2. HP: 23/24 MP: 2/2
   424 | D:2      | XOM: 4-stop teleportation journey
   534 | D:3      | XOM: divination: detect items
   538 | D:3      | Reached skill level 5 in Polearms
   562 | D:3      | XOM: 6-stop teleportation journey
   795 | D:4      | Reached XP level 3. HP: 29/29 MP: 3/3
   823 | D:4      | Noticed a black bear
   835 | D:4      | HP: 1/29 [something (2)]
   835 | D:4      | Slain by a black bear

Illustrated notes

Levels and vault maps discovered:
D:1:      mainiacjoe_arrival_reflecting_pool, layout_basic,
          ebering_ecumenical_altar_petrified
D:2:      layout_loops_ring
D:3:      layout_loops_ring, uniq_crazy_yiuf_cottage
D:4:      layout_layer_cave, marbit_many_paths, nicolae_ossuary_entry_catacombs,
          minmay_misc_feat_four_crosses

Skill      XL: |  1  2 |
---------------+-------+-----
Armour         | 1 |  1.1
Polearms       | 5 |  5.0
Dodging        | 3 |  3.0
Fighting       | |  3.6

Action                   || total
-------------------------++-------
Melee: Spear             ||    68
       Punch             ||     2
Throw: Stone             ||     6
  Use: Scroll            ||     5
       Potion            ||     2
Armor: Leather armour    ||    14
Dodge: Dodged            ||    33
Block: Other             ||     6
